 Dungeon Crawl Stone Soup version 0.19.4-10-g532645f (webtiles) character file.

1129 dialectric the Basher (level 8, -2/83 HPs)
             Began as an Ogre Fighter on Feb 23, 2017.
             Slain by an orc warrior
             ... wielding a +0 trident
              (20 damage)
             ... on level 6 of the Dungeon.
             The game lasted 00:07:39 (4996 turns).

dialectric the Basher (Ogre Fighter)                Turns: 4996, Time: 00:07:40

Health: -2/83      AC:  6    Str: 21    XL:     8   Next: 35%
Magic:  8/8        EV: 11    Int:  7    God:
Gold:   246        SH:  0    Dex: 10    Spells: 1 memorised, 5 levels left

rFire  . . .     SeeInvis +     y - +5 hand axe (flame)
rCold  . . .     Gourm    .     b - +1 robe
rNeg   . . .     Faith    .     (no shield)
rPois  .         Spirit   .     (helmet restricted)
rElec  .         Reflect  .     (no cloak)
rCorr  .         Harm     .     (gloves unavailable)
MR     +....                    (boots unavailable)
Stlth  +.........               (no amulet)
                                o - ring of protection from magic
                                n - ring of see invisible

@: no status effects
A: unfitting armour, yellow scales 1, tough skin 1, weak 1, sturdy frame 1
a: no special abilities


You were on level 6 of the Dungeon.
You were not hungry.

You visited 1 branch of the dungeon, and saw 6 of its levels.

You collected 276 gold pieces.
You spent 30 gold pieces at shops.

Inventory:

Hand Weapons
 a - a +0 flail
 p - a +0 giant spiked club
 y - a +5 hand axe of flaming (weapon)
Missiles
 z - a throwing net (quivered)
 D - 3 curare-tipped needles
Armour
 b - a +1 robe (worn)
 c - a +0 shield
Jewellery
 n - a ring of see invisible (left hand)
 o - a ring of protection from magic (right hand)
 B - an uncursed ring of resist corrosion {unknown}
Wands
 u - a wand of digging (24/24)
 F - a wand of acid (5/15)
 H - a wand of disintegration (9/24)
Scrolls
 e - a scroll of immolation
 h - a scroll of enchant armour
 k - 3 scrolls of teleportation
 r - a scroll of noise
 t - 3 scrolls of identify
 w - 2 scrolls of remove curse {unknown}
 A - a scroll of fear
 E - a scroll of magic mapping {unknown}
 G - a scroll of fog {unknown}
Potions
 d - a potion of might
 i - a potion of heal wounds
 l - a potion of berserk rage {unknown}
 s - a potion of beneficial mutation {unknown}
 v - a potion of agility {unknown}
 C - a potion of degeneration {unknown}
Books
 q - a book of Minor Magic

   Spells                             Type                      Level
   a - Magic Dart                     Conjuration                  1
   b - Blink                          Translocation                2
   c - Call Imp                       Summoning                    2
   d - Repel Missiles                 Charms/Air                   2
   e - Slow                           Hexes                        2
   f - Conjure Flame                  Conjuration/Fire             3
   g - Mephitic Cloud                 Conjuration/Poison/Air       3
 x - a book of Conjurations

   Spells                             Type                      Level
   a - Magic Dart                     Conjuration                  1
   b - Searing Ray                    Conjuration                  2
   c - Dazzling Spray                 Conjuration/Hexes            3
   d - Fulminant Prism                Conjuration/Hexes            4
   e - Iskenderun's Mystic Blast      Conjuration                  4
   f - Iskenderun's Battlesphere      Conjuration/Charms           5
Comestibles
 f - 3 bread rations
 g - 2 slices of pizza
 j - 3 meat rations


   Skills:
 + Level 5.8 Fighting
 * Level 4.0(5.0) Axes
 - Level 8.0(9.2) Maces & Flails
 + Level 4.6 Dodging
 + Level 2.8 Shields


You had 5 spell levels left.
You knew the following spells:

 Your Spells              Type           Power        Failure   Level  Hunger
a - Slow                  Hex            #.......     73%         2    ###....


Dungeon Overview and Level Annotations

Branches:
Dungeon (6/15)
 Temple: D:4-7

Altars:
Dithmenos
Fedhas
Ru
Sif Muna
Uskayaw

Shops:
D:5 *


Innate Abilities, Weirdness & Mutations

You are too large for most types of armour.
You have tough skin. (AC +1)
You are partially covered in yellow scales. (AC +2)
You are weak. (Str -2)
Your movements are slightly less encumbered by armour. (ER -2)


Message History

You barely miss the orc warrior.
The orc warrior is heavily wounded.
The orc warrior closely misses you.
You hit the orc warrior but do no damage.
The orc warrior is heavily wounded.
The orc warrior hits you with a trident!
You hit the orc warrior. You burn the orc warrior.
The orc warrior is severely wounded.
The orc warrior hits you with a trident!
* * * LOW HITPOINT WARNING * * *
You are too injured to fight recklessly!
You are too injured to fight recklessly!
You are too injured to fight recklessly!
You are too injured to fight recklessly!
You are too injured to fight recklessly!
Unknown command.
You hit the orc warrior. You burn the orc warrior.
The orc warrior is almost dead.
The orc warrior hits you with a trident!!
You die...

#.........# #........#
#.........# #........#
..........###........#
#######+####....'.........
#........###.####.........
#.......................
.##.......###.....#....
#.##'############..#....
#......@o.....# #..#.###
##.....)......# #..#.#
#.............# #..#.#
#.............# #....#
<..#...........# #.####
#.###...........# #.# #.
#...........# #.#
#............ ..#
..........#


You could see an orc warrior.

Vanquished Creatures
  Eustachio (D:5)
  Menkaure (D:5)
  An ice beast (D:4)
  An ogre (D:6)
  A bullfrog (D:6)
  A scorpion (D:5)
  A howler monkey (D:4)
  2 crimson imps
  2 hounds
  2 centaur skeletons
  An iguana (D:4)
  An orc wizard (D:3)
  2 worker ants (D:4)
  A hound skeleton (D:5)
  A worker ant zombie (D:5)
  3 gnolls (D:3)
  7 adders
  A river rat (D:4)
  A shadow imp (D:5)
  2 oozes
  4 worms
  6 dart slugs (D:2)
  4 leopard geckos
  13 orcs
  8 bats
  4 giant cockroaches
  7 hobgoblins
  10 jackals
  8 kobolds
  4 quokkas
  2 ball pythons
  4 frilled lizards
  10 goblins
  4 rats
121 creatures vanquished.

Notes
Turn   | Place    | Note
-------+----------+-------------------------------------------
     0 | D:1      | dialectric the Ogre Fighter began the quest for the Orb.
     0 | D:1      | Reached XP level 1. HP: 24/24 MP: 1/1
   177 | D:1      | Reached XP level 2. HP: 32/32 MP: 2/2
   258 | D:1      | Reached skill level 3 in Maces & Flails
   658 | D:2      | Reached XP level 3. HP: 18/39 MP: 3/3
  1046 | D:2      | Reached skill level 4 in Maces & Flails
  1168 | D:2      | Learned a level 2 spell: Slow
  1215 | D:2      | Reached XP level 4. HP: 34/49 MP: 4/4
  1522 | D:3      | Found a blossoming altar of Fedhas.
  1539 | D:3      | Reached skill level 5 in Maces & Flails
  1567 | D:3      | Reached XP level 5. HP: 37/55 MP: 5/5
  2040 | D:3      | Reached skill level 6 in Maces & Flails
  2070 | D:3      | Found a sacrificial altar of Ru.
  2544 | D:4      | Found a shadowy altar of Dithmenos.
  2549 | D:4      | Found a hide-covered altar of Uskayaw.
  2595 | D:4      | Reached XP level 6. HP: 20/65 MP: 6/6
  2983 | D:4      | Reached skill level 5 in Fighting
  3186 | D:4      | Reached skill level 7 in Maces & Flails
  3281 | D:4      | Reached skill level 1 in Axes
  3537 | D:5      | Entered Level 5 of the Dungeon
  3537 | D:5      | Noticed an ice beast
  3547 | D:4      | Killed an ice beast
  3547 | D:4      | Reached XP level 7. HP: 18/72 MP: 7/7
  3860 | D:5      | Noticed Eustachio
  3919 | D:5      | Killed Eustachio
  3950 | D:5      | Found Padov's Assorted Antiques.
  3955 | D:5      | Bought a viscous ruby potion for 30 gold pieces
  4030 | D:5      | Gained mutation: You are partially covered in yellow scales. (AC +2) [potion of mutation]
  4030 | D:5      | Gained mutation: Your movements are slightly less encumbered by armour. (ER -2) [potion of mutation]
  4030 | D:5      | Gained mutation: You are weak. (Str -2) [potion of mutation]
  4198 | D:5      | Noticed Menkaure
  4204 | D:5      | Killed Menkaure
  4204 | D:5      | Reached XP level 8. HP: 28/83 MP: 8/8
  4400 | D:5      | Found a deep blue altar of Sif Muna.
  4638 | D:6      | Reached skill level 8 in Maces & Flails
  4996 | D:6      | Slain by an orc warrior

Skill      XL: |  1  2  3  4  5  6  7  8 |
---------------+-------------------------+-----
Dodging        | 3 4 |  4.6
Maces & Flails | 3 4 5 6 7 8 |  8.0
Fighting       | 5 |  5.8
Axes           | 1 3 4 |  4.0
Shields        | |  2.8

Action                   |  1- 3 |  4- 6 |  7- 9 || total
-------------------------+-------+-------+-------++-------
Melee: Flail             |   127 |    99 |       ||   226
       Hand axe          |       |    70 |   103 ||   173
  Use: Scroll            |       |     9 |     3 ||    12
       Potion            |       |     1 |     3 ||     4
  Eat: Chunk             |     1 |     7 |     4 ||    12
       Pizza             |       |       |     1 ||     1
Armor: Robe              |    54 |    44 |    37 ||   135
Dodge: Dodged            |    85 |    97 |    79 ||   261
